 Dungeon Crawl Stone Soup version 0.26.1-11-gd32895ea62 (webtiles) character file.

Game seed: 9382891219381001410

98 Zeld the Twirler (level 4, -10/29 HPs)
             Began as an Octopode Gladiator on May 18, 2021.
             Mangled by a gnoll
             ... wielding a +0 spear
              (12 damage)
             ... on level 1 of the Dungeon.
             The game lasted 00:01:36 (1696 turns).

Zeld the Twirler (Octopode Gladiator)               Turns: 1696, Time: 00:01:37

Health: -10/29     AC:  1    Str: 13    XL:     4   Next: 71%
Magic:  4/4        EV: 14    Int: 10    God:
Gold:   82         SH:  0    Dex: 14    Spells: 3/3 levels left

rFire    . . .     SeeInvis .   a - +0 quarterstaff
rCold    . . .     Faith    .   (shield currently unavailable)
rNeg     . . .     Spirit   .   b - +0 hat
rPois    .         Reflect  .   (no amulet)
rElec    .         Harm     .   (no ring)
rCorr    .         Rampage  .   (no ring)
Will     .....                  (no ring)
Stlth    ++........             (no ring)
HPRegen  0.09/turn              (no ring)
MPRegen  0.09/turn              (no ring)
                                (no ring)
                                (no ring)

@: no status effects
A: almost no armour, stealthy swim, amphibious, 8 rings, constrict 8, camouflage
1, gelatinous body 1
a: no special abilities


You were on level 1 of the Dungeon.
You visited 1 branch of the dungeon, and saw 2 of its levels.

You collected 82 gold pieces.

Inventory:

Hand Weapons
 a - a +0 quarterstaff (weapon)
Missiles
 c - 3 throwing nets (quivered)
Armour
 b - a +0 hat (worn)
Jewellery
 f - an uncursed ring of protection from fire {unknown}
 g - an uncursed amulet of guardian spirit {unknown}
 i - a cursed amulet of inaccuracy {unknown}
 l - an uncursed ring of willpower {unknown}
Scrolls
 d - 2 scrolls of teleportation {unknown}
 k - a scroll of amnesia {unknown}
 m - 2 scrolls of immolation {unknown}
 p - a scroll of identify {unknown}
Potions
 e - a potion of flight {unknown}
 h - a potion of brilliance {unknown}
 j - a potion of berserk rage {unknown}
 n - a potion of invisibility {unknown}
 o - 2 potions of heal wounds {unknown}


   Skills:
 - Level 2.0 Fighting
 * Level 4.3 Staves
 * Level 3.6 Throwing
 - Level 3.0 Dodging


You had 3 spell levels left.
You didn't know any spells.
Your spell library was empty.

Dungeon Overview and Level Annotations

Branches:
Dungeon (2/15)

Altars:


Innate Abilities, Weirdness & Mutations

You cannot wear most types of armour.
You are very stealthy in the water. (Stealth+)
You are amphibious.
You can wear up to eight rings at the same time.
You can use your tentacles to constrict eight enemies at once.
Your skin changes colour to match your surroundings (Stealth+).
Your rubbery body absorbs attacks. (AC +1, EV +1)


Message History

No target in view!
You see here a +0 spear.
There is a stone staircase leading down, spattered with blood here.
HP restored.
Done exploring.
Done exploring.
Done exploring.
You climb downwards.
The gnoll completely misses you. The gnoll hits you with a +0 spear!
There is a stone staircase leading up, spattered with blood here.
The gnoll hits you with a +0 flail! The gnoll misses you.
You climb upwards.
There is a stone staircase leading down, spattered with blood here.
You are too injured to fight recklessly!
You are too injured to fight recklessly!
The gnoll hits you with a +0 flail.
The gnoll hits you from afar with a +0 spear!
* * * LOW HITPOINT WARNING * * *
The gnoll hits you from afar with a +0 spear!
You die...

#....≈...##..≈....≈.... #######
#..≈.........≈≈≈≈≈≈≈.≈≈
......######.......#..≈≈≈≈≈≈≈≈≈≈≈
..###........#.##..#.≈≈≈≈≈≈...≈≈≈
#.# #.######...##..#.#≈≈≈≈≈≈≈≈≈≈≈
#.###.# #.####..#.#≈≈≈≈#≈..≈..
......# #.# #g.#.#≈≈≈≈######.
#.###.# #.####.>#.#≈≈≈≈# ## #.#
#.######....@.g#.##≈≈≈# #.#
#.##.............###≈##
#.###.##.############# #≈#
.........# ### ##########


You could see 2 gnolls.

Vanquished Creatures
  A centaur skeleton (D:2)
  2 adders (D:2)
  2 gnolls (D:1)
  2 oozes (D:1)
  5 giant cockroaches
  3 goblins
  3 hobgoblins
  A quokka (D:2)
  3 bats
  2 frilled lizards (D:1)
  A kobold (D:2)
  3 rats
28 creatures vanquished.

Notes
Turn   | Place    | Note
-------+----------+-------------------------------------------
     0 | D:1      | Zeld the Octopode Gladiator began the quest for the Orb.
     0 | D:1      | Reached XP level 1. HP: 14/14 MP: 1/1
    47 | D:1      | You fall into a shaft and drop 1 floor!
    53 | D:2      | Reached XP level 2. HP: 15/19 MP: 2/2
   239 | D:2      | Reached XP level 3. HP: 24/24 MP: 3/3
   702 | D:1      | Reached skill level 4 in Staves
   702 | D:1      | Reached XP level 4. HP: 29/29 MP: 4/4
  1696 | D:1      | Mangled by a gnoll

Illustrated notes

Levels and vault maps discovered:
D:1:      matt_arrival_spirals, layout_loops_ring, serial_rivers,
          chequers_serial_rivers_micro_b, chequers_serial_rivers_room_a,
          chequers_serial_rivers_large_a, chequers_serial_rivers_micro_c
D:2:      layout_basic, serial_corexii_hall, chequers_hall_statues_y,
          chequers_hall_statues_y, chequers_hall_statues_wall_a, uniq_natasha

Skill      XL: |  1  2  3 |
---------------+----------+-----
Throwing       | 3 |  3.6
Staves         | 4 |  4.3
Fighting       | |  2.0
Dodging        | |  3.0

Action                   |  1- 3 |  4- 6 || total
-------------------------+-------+-------++-------
Melee: Quarterstaff      |    21 |    29 ||    50
       Constrict         |     6 |     6 ||    12
       Tentacles         |     7 |     2 ||     9
 Stab: Sleeping          |     3 |     2 ||     5
Armor: Skin              |     2 |     2 ||     4
Dodge: Dodged            |    13 |    22 ||    35
